[Event "18th Rochefort Open 2019"]
[Site "Rochefort"]
[Date "2019.02.21"]
[Round "8.3"]
[White "Gascon Del Nogal, Jose Rafael"]
[Black "Rios, Cristhian Camilo"]
[Result "1/2-1/2"]
[ECO "B33"]
[WhiteElo "2457"]
[BlackElo "2482"]
[Annotator "ChessBase"]
[PlyCount "32"]
[EventDate "2019.02.16"]
[EventType "swiss"]
[EventCountry "FRA"]
[SourceTitle "playchess.com"]
[Source "ChessBase"]
[SourceQuality "1"]
[TimeControl "40/5400+30:1800+30"]

1. e4 c5 2. Ne2 Nc6 3. d4 cxd4 4. Nxd4 Nf6 5. Nc3 e5 6. Ndb5 d6 7. Bg5 a6 8. Na3 b5 9. Nd5 Qa5+ 10. Bd2 Qd8 11. Bg5 Qa5+ 12. Bd2 Qd8 13. Bd3 Nxd5 14. exd5 Ne7 15. c4 Bb7 16. O-O Nc6 1/2-1/2

[Event "18th Rochefort Open 2019"]
[Site "Rochefort"]
[Date "2019.02.22"]
[Round "9.4"]
[White "Shirazi, Kamran"]
[Black "Gascon Del Nogal, Jose Rafael"]
[Result "0-1"]
[ECO "C79"]
[WhiteElo "2309"]
[BlackElo "2457"]
[Annotator "ChessBase"]
[PlyCount "229"]
[EventDate "2019.02.16"]
[EventType "swiss"]
[EventCountry "FRA"]
[SourceTitle "playchess.com"]
[Source "ChessBase"]
[SourceQuality "1"]
[TimeControl "40/5400+30:1800+30"]

1. e4 e5 2. Nf3 Nc6 3. Bb5 a6 4. Ba4 d6 5. d4 b5 6. Bb3 Nxd4 7. Nxd4 exd4 8. O-O Nf6 9. f4 c5 10. e5 dxe5 11. fxe5 Nd5 12. Qf3 Be6 13. c4 dxc3 14. Nxc3 c4 15. Bc2 Nxc3 16. bxc3 Bc5+ 17. Kh1 O-O 18. a4 bxa4 19. Qe4 g6 20. Rxa4 Ra7 21. Bh6 Re8 22. Qf4 Be7 23. h3 Qb6 24. Qf3 Qc7 25. Qf4 Rb8 26. Rfa1 a5 27. Bd1 Rb2 28. Bg4 Qc6 29. Bf3 Qc7 30. Bg4 Qb7 31. Bf3 Qb5 32. Qe4 Bd8 33. Rd1 Rd7 34. Raa1 Rd3 35. Qa8 Qb8 36. Qc6 Qb5 37. Qa8 Qb8 38. Qc6 Bc7 39. Be4 Rxd1+ 40. Rxd1 Rb6 41. Qc5 Bf5 42. Qd4 Re6 43. Bd5 Bxe5 44. Qxc4 Re7 45. Re1 Be6 46. Bxe6 Rxe6 47. Qa2 Qd8 48. Qa4 Bxc3 49. Rxe6 fxe6 50. Qb3 Qc8 51. Qc2 Qc4 52. Qc1 Qd4 53. Qf1 Qd8 54. Qb5 Bg7 55. Bxg7 Kxg7 56. Qe5+ Kf7 57. Qf4+ Ke8 58. Qa4+ Kf8 59. Qa3+ Kg8 60. Qa4 Kg7 61. Qa1+ Kf7 62. Qe5 Qb6 63. Qh8 Qb1+ 64. Kh2 g5 65. Qd8 Qf5 66. Qd7+ Kg6 67. Qe8+ Qf7 68. Qc6 h5 69. Qc2+ Qf5 70. Qc6 h4 71. Qe8+ Qf7 72. Qc6 a4 73. Qc2+ Qf5 74. Qc8 Qf7 75. Qc2+ Kh6 76. Qc3 e5 77. Kh1 Kh7 78. Kg1 Qa7+ 79. Kh1 Qf2 80. Qc7+ Kg6 81. Qc6+ Qf6 82. Qa8 Qf1+ 83. Kh2 Qf4+ 84. Kh1 Qc1+ 85. Kh2 a3 86. Qg8+ Kf6 87. Qh8+ Ke6 88. Qg8+ Kd7 89. Qd5+ Kc8 90. Qe6+ Kb7 91. Qe7+ Kb6 92. Qe6+ Kb5 93. Qxe5+ Qc5 94. Qe2+ Qc4 95. Qe8+ Kb4 96. Qe1+ Qc3 97. Qb1+ Kc5 98. Qf5+ Kd6 99. Qf8+ Kd5 100. Qf7+ Ke4 101. Qg6+ Kf4 102. Qf7+ Ke3 103. Qe7+ Kf2 104. Qf8+ Ke2 105. Qe7+ Qe3 106. Qf8 Qc3 107. Qf3+ Kd2 108. Qf2+ Kc1 109. Qf1+ Kb2 110. Qe2+ Qc2 111. Qb5+ {[%emt 0:00:30] Qc3 [%clk 0:00:00] Qf1 [%clk 0:00:00]} Kc1 112. Qe2 Kb2 113. Qe5+ {[%emt 0:00:30] Qc2 Qb5+ [%clk 0:00:00] Ka1 [%clk 0:00:00] Qe5+ [%clk 0:00:00]} Kb3 114. Qe3+ Qc3 115. Qe4 0-1